 Dungeon Crawl Stone Soup version 0.27-a0-869-g165b36e3f0 (webtiles) character file.

Game seed: 9618072663140950922

19136 srzhan31 the Thaumaturge (level 12, 0/70 HPs)
             Began as a Djinni Fire Elementalist on Apr 2, 2021.
             Was an Elder of Makhleb.
             Slain by a hellwing (1 damage)
             ... summoned by Frances
             ... on level 13 of the Dungeon.
             The game lasted 00:38:49 (13445 turns).

srzhan31 the Thaumaturge (DjFE)                    Turns: 13445, Time: 00:38:54

Health: 0/70       AC:  9    Str:  7    XL:     12   Next: 65%
Gold:   670        EV: 15    Int: 21    God:    Makhleb [****..] SH:  6 Dex: 15

rFire    + + +     SeeInvis .   c - staff of conjuration
rCold    . . .     Faith    .   F - +0 buckler
rNeg     . . .     Spirit   .   C - +2 robe {rC+}
rPois    ∞         Reflect  .   t - +2 hat
rElec    .         Harm     .   G - +2 cloak {rPois}
rCorr    .         Rampage  .   (no gloves)
Will     +....                  (boots unavailable)
Stlth    +.........             o - amulet of the acrobat
HPRegen  0.21/turn              j - ring of fire
MPRegen  0.00/turn              x - ring of protection from cold

@: silenced, flying, studying Shields
A: fire resistance 2, cold vulnerability 1, float, innate caster, hp casting,
extra vitality 1, beak, horns 1
a: Renounce Religion


You were on level 13 of the Dungeon.
You worshipped Makhleb.
Makhleb was greatly pleased with you.
You visited 2 branches of the dungeon, and saw 14 of its levels.

You collected 670 gold pieces.

Inventory:

Missiles
 u - a curare-tipped dart
 B - 5 atropa-tipped darts
Armour
 t - a +2 hat (worn)
 z - a +0 troll leather armour
 C - a +2 robe of cold resistance (worn)
 F - a +0 buckler (worn)
 G - a +2 cloak of poison resistance (worn)
Magical Staves
 c - a staff of conjuration (weapon)
Jewellery
 a - a ring of protection from cold
 h - a +6 ring of intelligence
 j - a ring of fire (left hand)
 k - a ring of ice
 l - a +6 ring of strength
 o - an amulet of the acrobat (around neck)
 x - a ring of protection from cold (right hand)
Wands
 n - a wand of random effects (35)
 r - a wand of mindburst (8)
 y - a wand of acid (12)
 A - a wand of paralysis (18)
 E - a wand of flame (13)
Scrolls
 d - a scroll of holy word {unknown}
 e - 3 scrolls of identify
 f - 2 scrolls of enchant armour
 g - 9 scrolls of teleportation
 p - a scroll of magic mapping
 v - a scroll of fear
Potions
 b - 4 potions of curing
 i - 2 potions of haste
 m - 3 potions of invisibility
 q - a potion of cancellation {unknown}
 s - a potion of brilliance
 D - 2 potions of heal wounds


   Skills:
 * Level 7.2 Dodging
 - Level 1.6 Stealth
 * Level 6.1 Shields
 + Level 0.2 Unarmed Combat
 * Level 14.6 Spellcasting
 * Level 6.4 Evocations


You had 11 spell levels left.
You knew the following spells:

 Your Spells              Type           Power      Damage    Failure   Level
a - Foxfire               Conj/Fire      100%       2x1d9     0%          1
b - Conjure Flame         Conj/Fire      100%       6-21      1%          3
c - Inner Flame           Hex/Fire       86%        N/A       1%          3
d - Sticky Flame          Conj/Fire      100%       2d11      1%          4
e - Fireball              Conj/Fire      53%        3d21      1%          5
f - Summon Small Mammal   Summ           100%       N/A       0%          1
g - Poisonous Vapours     Pois/Air       100%       N/A       0%          2
h - Wereblood             Tmut           67%        N/A       0%          2
i - Ozocubu's Armour      Ice            67%        N/A       1%          3
j - Hydra Form            Tmut           33%        N/A       1%          5
Your spell library was empty.

Dungeon Overview and Level Annotations

Branches:
Dungeon (13/15)            Temple (1/1) D:5            Lair (0/6) D:9
    Orc (0/2) D:10
 Vaults: D:13-14

Altars:
Ashenzari
Cheibriados
Dithmenos
Elyvilon
Fedhas
Gozag
Hepliaklqana
Kikubaaqudgha
Makhleb
Nemelex Xobeh
Okawaru
Sif Muna
Trog
Uskayaw
Vehumet
Wu Jian
Xom
Yredelemnul
Zin
The Shining One

Annotations:
D:13 Frances


Innate Abilities, Weirdness & Mutations

You are immune to poison.
Your flesh is very heat resistant. (rF++)
You are vulnerable to cold. (rC-)
You float through the air rather than walking.
You learn spells naturally, not from books.
Your magical power is your life essence.
You have superior vitality. (+4 HP)
You have a beak for a mouth.
You have a pair of small horns on your head.


Message History

Confirm with . or Enter, or press ? or * to list all spells.
Aiming: Fireball (dangerous; 1% risk of failure)
Press: ? - help, Shift-Dir - straight line, f/p - troll
Aim: a troll (moderately wounded)
You feel a strong surge of power! That beam is likely to hit you.
Continue anyway?
The fireball explodes!
The fireball engulfs the troll!!
You kill the troll!
Makhleb accepts your kill.
The troll leather armour is intact enough to wear.
The fireball engulfs Frances.
Frances is lightly wounded.
The fireball engulfs you. You resist.
Frances whispers indecipherable words.
Casting: Fireball (dangerous; 1% risk of failure)
Confirm with . or Enter, or press ? or * to list all spells.
Aiming: Fireball (dangerous; 1% risk of failure)
Press: ? - help, Shift-Dir - straight line, f - Frances
Aim: Frances, wielding a +0 glaive and wearing a +0 chain mail (lightly wounded, fast)
Okay, then.
Frances chants phrases taken from a devil's mouth.
The iron shot misses you.
Frances chants phrases taken from a devil's mouth.
The iron shot hits you!!!
Ouch! That really hurt!
* * * LOW HITPOINT WARNING * * *
You feel much better.
Frances hits you from afar with a +0 glaive!
* * * LOW HITPOINT WARNING * * *
The hellwing swoops through the air toward you!
The hellwing closely misses you. The hellwing hits you.
* * * LOW HITPOINT WARNING * * *
As you read the scroll labelled DAUSKEUSTA, it crumbles to dust.
A profound silence engulfs you.
It was a scroll of silence.
Frances hits you from afar with a +0 glaive.
* * * LOW HITPOINT WARNING * * *
Frances hits you from afar with a +0 glaive!
* * * LOW HITPOINT WARNING * * *
The hellwing closely misses you. The hellwing hits you.
You die...

#.# #
##.#####...
#..........
#..(....>..
#[####.....
#4# ... #@#
. #.# #@#
#4# #.# #.#
#...#.####
#...#....#
#...####.#
#...# #.#
#...# #.#


You could see Frances (fast) and 2 hellwings.

Vanquished Creatures
  Gastronok (D:11)
  Erolcha (D:11)
  A hydra (D:12)
  6 two-headed ogres
  3 cyclopes
  An ugly thing (D:12)
  A manticore (D:12)
  Joseph (D:7)
  A guardian serpent (shapeshifter) (D:13)
  Psyche (D:8)
  A hornet (D:4)
  3 trolls
  3 slime creatures (D:12)
  A shadow (D:11)
  3 wraiths
  19 yaks
  3 wyverns
  4 vampire mosquitoes
  An acid dragon (D:10)
  A water moccasin (D:7)
  3 orc warriors
  A hornet zombie (D:6)
  3 ogres
  3 ice beasts
  2 necrophages
  4 centaurs
  2 kobold brigands
  A gnoll sergeant (D:10)
  7 bullfrogs
  A scorpion (D:6)
  A water moccasin zombie (D:6)
  A water moccasin skeleton (D:6)
  5 killer bees
  A wight (D:8)
  3 electric eels (D:9)
  2 howler monkeys (D:9)
  4 centaur zombies
  A hound (D:6)
  3 orc priests
  A bullfrog skeleton (D:5)
  2 jellies
  A centaur skeleton (D:7)
  2 iguanas
  10 orc wizards
  A killer bee zombie (D:7)
  A howler monkey skeleton (D:6)
  8 adders
  8 gnolls
  2 shadow imps
  A white imp (D:8)
  An ufetubus (D:5)
  36 orcs
  5 ball pythons
  11 bats
  6 endoplasms
  2 giant cockroaches (D:1)
  6 goblins
  4 hobgoblins (D:1)
  6 jackals
  16 kobolds
  2 quokkas
  2 frilled lizards (D:1)
  4 rats
242 creatures vanquished.

Vanquished Creatures (others)
  500 foxfires
500 creatures vanquished.

Grand Total: 742 creatures vanquished

Notes
Turn   | Place    | Note
-------+----------+-------------------------------------------
     0 | D:1      | srzhan31 the Djinni Fire Elementalist began the quest for
                  | the Orb.
     0 | D:1      | Reached XP level 1. HP: 15/15 MP: 0/0
   307 | D:1      | Reached skill level 3 in Spellcasting
   307 | D:1      | Reached XP level 2. HP: 18/21 MP: 0/0
   362 | D:1      | Found a faded altar of an unknown god.
   997 | D:1      | Reached XP level 3. HP: 23/25 MP: 0/0
   997 | D:1      | Learned a level 1 spell: Summon Small Mammal
  1758 | D:2      | Reached XP level 4. HP: 29/31 MP: 0/0
  1921 | D:2      | Reached skill level 4 in Spellcasting
  2481 | D:3      | Found a hazy altar of Hepliaklqana.
  2605 | D:3      | Reached skill level 1 in Evocations
  2848 | D:3      | Reached XP level 5. HP: 30/35 MP: 0/0
  2848 | D:3      | Learned a level 2 spell: Poisonous Vapours
  3130 | D:3      | Found a faded altar of an unknown god.
  3130 | D:3      | Found a faded altar of an unknown god.
  3138 | D:3      | Found a broken altar of Ashenzari.
  3140 | D:3      | Found a snail-covered altar of Cheibriados.
  3142 | D:3      | Found a sparkling altar of Nemelex Xobeh.
  3719 | D:4      | Noticed a hornet
  3731 | D:4      | Killed a hornet
  3732 | D:4      | Reached skill level 5 in Spellcasting
  3732 | D:4      | Reached XP level 6. HP: 6/40 MP: 0/0
  4559 | D:5      | Entered Level 5 of the Dungeon
  4616 | D:5      | Found a staircase to the Ecumenical Temple.
  4629 | Temple   | Entered the Ecumenical Temple
  4690 | Temple   | Became a worshipper of Makhleb the Destroyer
  4708 | D:5      | Reached XP level 7. HP: 41/45 MP: 0/0
  4708 | D:5      | Learned a level 2 spell: Wereblood
  4711 | D:5      | Reached skill level 6 in Spellcasting
  5332 | D:5      | Reached skill level 7 in Spellcasting
  5370 | D:5      | Reached XP level 8. HP: 47/50 MP: 0/0
  5419 | D:5      | Gained mutation: You are agile. (Dex +2) [potion of
                  | mutation]
  5419 | D:5      | Gained mutation: Your flesh is almost immune to the effects
                  | of heat. (rF+++) [potion of mutation]
  5425 | D:5      | Lost mutation: You are agile. (Dex +2) [potion of mutation]
  5425 | D:5      | Lost mutation: Your flesh is almost immune to the effects
                  | of heat. (rF+++) [potion of mutation]
  5425 | D:5      | Gained mutation: You occasionally shout uncontrollably at
                  | your foes. [potion of mutation]
  5425 | D:5      | Gained mutation: Your muscles are strong. (Str +2) [potion
                  | of mutation]
  5426 | D:5      | Lost mutation: Your muscles are strong. (Str +2) [potion of
                  | mutation]
  5426 | D:5      | Lost mutation: You occasionally shout uncontrollably at
                  | your foes. [potion of mutation]
  5426 | D:5      | Gained mutation: You have a pair of small horns on your
                  | head. [potion of mutation]
  5426 | D:5      | Gained mutation: You have a beak for a mouth. [potion of
                  | mutation]
  5519 | D:5      | Reached * piety under Makhleb
  6199 | D:6      | Reached skill level 8 in Spellcasting
  6919 | D:7      | Noticed a wyvern
  6924 | D:7      | Killed a wyvern
  6925 | D:7      | Reached skill level 9 in Spellcasting
  6925 | D:7      | Reached XP level 9. HP: 33/55 MP: 0/0
  6925 | D:7      | Learned a level 3 spell: Ozocubu's Armour
  7213 | D:7      | Reached ** piety under Makhleb
  7709 | D:7      | Noticed Joseph
  7712 | D:7      | Killed Joseph
  7905 | D:8      | Reached skill level 10 in Spellcasting
  8014 | D:8      | Found an iron altar of Okawaru.
  8116 | D:8      | Reached skill level 5 in Dodging
  8383 | D:8      | Noticed Psyche
  8389 | D:8      | Killed Psyche
  8390 | D:8      | Reached XP level 10. HP: 47/60 MP: 0/0
  9089 | D:8      | Reached skill level 11 in Spellcasting
  9091 | D:8      | Reached skill level 1 in Shields
  9516 | D:9      | Noticed a two-headed ogre
  9529 | D:9      | Killed a two-headed ogre
  9529 | D:9      | Reached *** piety under Makhleb
  9530 | D:9      | Reached skill level 12 in Spellcasting
  9970 | D:9      | Found a staircase to the Lair.
 10057 | D:10     | Entered Level 10 of the Dungeon
 10062 | D:10     | Found a staircase to the Orcish Mines.
 10107 | D:10     | Identified a scroll of acquirement
 10107 | D:10     | Acquired a manual of Shields
 10265 | D:10     | Reached skill level 5 in Evocations
 10408 | D:10     | Reached XP level 11. HP: 65/65 MP: 0/0
 10408 | D:10     | Learned a level 5 spell: Hydra Form
 10602 | D:10     | Noticed a two-headed ogre
 10609 | D:10     | Killed a two-headed ogre
 11595 | D:11     | Noticed Erolcha
 11605 | D:11     | Killed Erolcha
 11606 | D:11     | Reached skill level 13 in Spellcasting
 11770 | D:11     | Noticed Gastronok
 11780 | D:11     | Killed Gastronok
 12003 | D:12     | Noticed a manticore
 12005 | D:12     | Killed a manticore
 12131 | D:12     | Noticed a two-headed ogre
 12133 | D:12     | Killed a two-headed ogre
 12327 | D:12     | Noticed an eight-headed hydra
 12330 | D:12     | Noticed a green ugly thing
 12331 | D:12     | Killed an eight-headed hydra
 12332 | D:12     | Reached skill level 5 in Shields
 12332 | D:12     | Reached XP level 12. HP: 70/70 MP: 0/0
 12457 | D:12     | Reached skill level 14 in Spellcasting
 12478 | D:12     | Noticed a two-headed ogre
 12480 | D:12     | Killed a two-headed ogre
 12624 | D:12     | Noticed a two-headed ogre
 12628 | D:12     | Killed a two-headed ogre
 12637 | D:12     | Reached **** piety under Makhleb
 12927 | D:12     | Noticed a two-headed ogre
 12932 | D:12     | Killed a two-headed ogre
 13434 | D:13     | Noticed Frances
 13445 | D:13     | HP: 1/70 [Frances/+0 glaive (12)]
 13445 | D:13     | Slain by a hellwing

Illustrated notes

Levels and vault maps discovered:
D:1:      dpeg_arrival_oval, layout_loops_ring, ebering_ecumenical_altar_hall
D:2:      layout_loops_cross
D:3:      layout_loops_ring, nicolae_sif_muna_little_library,
          chequers_temple_overflow_minitemple, nzn_hepliaklqana_mist_gate,
          minmay_misc_feat_ornament
D:4:      layout_gridville, nicolae_ossuary_entry_false_entrances,
          kennysheep_doodads
D:5:      layout_loops_ring, minmay_temple_entry_mist
D:6:      layout_rooms
D:7:      layout_loops_ring, grunt_ministairs_1, chequers_serial_rivers_room_a,
          kennysheep_generic_room_12, uniq_joseph
D:8:      cheibrodos_barr_body, layout_basic, kennysheep_okawaru_gauntlet,
          uniq_psyche
D:9:      layout_basic, lair_entry_dummy
D:10:     layout_basic, orc_0_dummy
D:11:     layout_rooms, minivault_4, uniq_erolcha, uniq_gastronok
D:12:     layout_roguey, gauntlet_entry_generic, serial_aquarium,
          aquarium_bridge_straight [aquarium_subvault_bridge,
          aquarium_subvault_wall, aquarium_subvault_bridge,
          aquarium_subvault_wall], aquarium_bridge_square
          [aquarium_subvault_bridge, aquarium_subvault_wall,
          aquarium_subvault_wall, aquarium_subvault_wall],
          aquarium_window_corridor_3, aquarium_window_fake, aquarium_window_1,
          aquarium_window_corner, aquarium_view_2d
D:13:     layout_basic, hangedman_aviary, uniq_urug, uniq_frances
Temple:   nicolae_temple_x_marks_the_god

Skill      XL: |  1  2  3  4  5  6  7  8  9 10 11 12 |
---------------+-------------------------------------+-----
Spellcasting   | 3 4 5 7 9 10 12 13 14 | 14.6
Evocations     | 1 2 3 4 5 6 |  6.4
Dodging        | 3 4 5 6 7 |  7.2
Shields        | 2 5 6 |  6.1
Stealth        | |  1.6
Unarmed Combat | |  0.2

Action                   |  1- 3 |  4- 6 |  7- 9 | 10-12 || total
-------------------------+-------+-------+-------+-------++-------
Melee: Staff             |     1 |       |     2 |     2 ||     5
       Unarmed           |       |       |       |     4 ||     4
       Headbutt          |       |       |       |     1 ||     1
 Cast: Foxfire           |    68 |    88 |   133 |    19 ||   308
       Summon Small Mamm |     1 |       |     1 |     1 ||     3
       Poisonous Vapours |       |       |    39 |    41 ||    80
       Sticky Flame      |       |       |    19 |    10 ||    29
       Wereblood         |       |       |     1 |       ||     1
       Ozocubu's Armour  |       |       |     7 |     2 ||     9
       Fireball          |       |       |     6 |    91 ||    97
       Conjure Flame     |       |       |     1 |     9 ||    10
       Hydra Form        |       |       |       |     2 ||     2
  Use: Scroll            |       |       |     7 |    13 ||    20
       Potion            |       |       |     3 |     3 ||     6
Armor: Robe              |     4 |     2 |     3 |     1 ||    10
       Skin              |       |       |       |     1 ||     1
Dodge: Dodged            |     3 |    16 |    26 |    35 ||    80
Block: Buckler           |       |       |       |     5 ||     5

Table legend: (Time is in decaauts)
 A = Elapsed time spent in this place.
 B = Non-inter-level travel time spent in this place.
 C = Inter-level travel time spent in this place.
 D = Time resting spent in this place.
 E = Time spent auto-exploring this place.
 F = Levels seen in this place.
 G = Mean time per level.
                   A        B        C        D        E       F      G
               +--------+--------+--------+--------+--------+-----+--------+
         Total |  13492 |  13024 |    468 |      0 |  10471 |  14 |  963.7 |
       Dungeon |  13420 |  12959 |    461 |      0 |  10423 |  13 | 1032.3 |
        Temple |     72 |     65 |      7 |      0 |     48 |   1 |   72.0 |
               +--------+--------+--------+--------+--------+-----+--------+

Top non-repeatable levels by time:
     D:8: 1356 daAuts
    D:12: 1345 daAuts
     D:4: 1304 daAuts
     D:1: 1291 daAuts
     D:5: 1269 daAuts
    D:10: 1223 daAuts
     D:7: 1038 daAuts
     D:2: 1021 daAuts
     D:6: 949 daAuts
     D:3: 939 daAuts
     D:9: 808 daAuts
    D:11: 773 daAuts
    D:13: 96 daAuts
  Temple: 72 daAuts
